 Dungeon Crawl Stone Soup version 0.30-a0-1085-g990a428a5c (webtiles) character file.

Game seed: 1789127415811891728

52098 Lavandula the Summoner (level 14, -8/93 HPs)
             Began as a Naga Venom Mage on Apr 16, 2023.
             Was the Champion of Ru.
             Mangled by a black mamba (40 damage)
             ... on level 5 of the Lair of Beasts.
             The game lasted 00:55:05 (18668 turns).

Lavandula the Summoner (Naga Venom Mage)           Turns: 18668, Time: 00:55:06

Health: -8/93      AC: 12    Str: 11    XL:     14   Next: 62%
Magic:  3/26       EV:  1    Int: 18    God:    Ru [******]
Gold:   727        SH:  0    Dex: 12    Spells: 2/35 levels left

rFire   + . .      SeeInvis +      - Unarmed
rCold   x . .      Faith    .    (shield unavailable)
rNeg    . . .      Spirit   .    r - +3 steam dragon scales
rPois   +          Reflect  .    (no helmet)
rElec   .          Rampage  .    t - +0 cloak
rCorr   .                        (no gloves)
Will    +....                    (no barding)
Stlth   ++                       m - amulet of magic regeneration
HPRegen 0.35/turn                (ring unavailable)
MPRegen 0.60/turn                j - ring of fire

@: sleeping, radiating poison, very slow
A: AC +4, large, see invisible, deformed body, dopey 1, frail 2, low MP 1,
poison resistance, slowness 2, spit poison 1, missing a hand, naga tail 2
a: Spit Poison, Renounce Religion, Draw Out Power, Power Leap, Apocalypse


You were on level 5 of the Lair of Beasts.
You worshipped Ru.
Ru was exalted by your worship.
You visited 4 branches of the dungeon, and saw 19 of its levels.
You also visited: Volcano.

You collected 1908 gold pieces.
You spent 1181 gold pieces at shops.

Inventory:

Armour
 r - +3 steam dragon scales (worn)
 t - a +0 cloak (worn)
 L - a +2 scale mail of fire resistance
Jewellery
 j - a ring of fire (right hand)
 m - an amulet of magic regeneration (around neck)
 q - a +6 ring of dexterity
Wands
 b - a wand of mindburst (25)
 v - a wand of roots (1)
 D - a wand of digging (1)
 E - a wand of flame (12)
 F - a wand of charming (6)
 H - a wand of light (5)
Scrolls
 f - 3 scrolls of magic mapping
 h - a scroll of poison
 i - 6 scrolls of teleportation
 k - 3 scrolls of blinking
 l - a scroll of butterflies
 n - a scroll of brand weapon
 p - 2 scrolls of torment
 w - 2 scrolls of fear
 y - 3 scrolls of vulnerability
 A - a scroll of fog
 B - a scroll of amnesia
 G - a scroll of silence
Potions
 a - 3 potions of might {unknown}
 c - 5 potions of lignification
 d - 3 potions of ambrosia
 e - 8 potions of mutation
 g - 3 potions of curing
 o - 2 potions of brilliance {unknown}
 s - 7 potions of heal wounds
 u - a potion of resistance {unknown}
 x - 3 potions of haste
 z - 2 potions of berserk rage
 C - a potion of attraction
 I - a potion of invisibility {unknown}
 J - 2 potions of magic


   Skills:
 - Level 5.4 Fighting
 - Level 5.7 Armour
 - Level 5.6 Dodging
 - Level 3.0 Stealth
 - Level 6.1 Unarmed Combat
 - Level 11.1 Spellcasting
 - Level 13.6 Summonings
 + Level 7.0 Necromancy
 - Level 1.0 Transmutations
 - Level 4.1 Fire Magic
 + Level 7.0 Earth Magic
 - Level 7.1 Poison Magic
 - Level 4.9 Evocations


You had 2 spell levels left.
You knew the following spells:

 Your Spells              Type           Power      Damage    Failure   Level
a - Sting                 Tmut/Pois      96%        1d7       1%          1
b - Poisonous Vapours     Pois/Air       44%        N/A       2%          2
c - Mephitic Cloud        Conj/Pois/Air  18%        N/A       8%          3
d - Olgreb's Toxic Radia  Pois           35%        N/A       3%          4
e - Call Canine Familiar  Summ           56%        N/A       1%          3
f - Summon Guardian Gole  Hex/Summ       34%        N/A       1%          3
g - Summon Cactus Giant   Summ           28%        N/A       4%          6
h - Scorch                Fire           74%        2d8       1%          2
i - Borgnjor's Vile Clut  Necr/Erth      17%        N/A       11%         5
j - Passage of Golubria   Tloc           10%        N/A       56%         4

Your spell library contained the following spells:

 Spells                   Type           Power      Damage    Failure   Level
 Necrotise                Necr           100%       1d9       1%          1
 Summon Small Mammal      Summ           100%       N/A       1%          1
 Call Imp                 Summ           100%       N/A       1%          2
 Magic Dart               Conj           40%        1d5       7%          1
 Vampiric Draining        Necr           35%        2d8       1%          3
 Agony                    Necr           35%        N/A       11%         5
 Leda's Liquefaction      Hex/Erth       11%        N/A       17%         4
 Gell's Gravitas          Tloc           10%        N/A       22%         3
 Portal Projectile        Hex/Tloc       20%        N/A       22%         3
 Teleport Other           Tloc           10%        N/A       22%         3
 Tukima's Dance           Hex            10%        N/A       22%         3
 Flame Wave               Conj/Fire      26%        2d8       30%         4
 Alistair's Intoxication  Tmut/Pois      16%        N/A       36%         5
 Yara's Violent Unravell  Hex/Tmut       5%         3d4       85%         5
 Eringya's Noxious Bog    Tmut/Pois      12%        N/A       90%         6
 Spellforged Servitor     Conj/Summ      17%        N/A       98%         7
 Dispersal                Tloc           5%         N/A       100%        6
 Orb of Destruction       Conj           5%         9d5       100%        7


Dungeon Overview and Level Annotations

Branches:
Dungeon (11/15)            Temple (1/1) D:4            Lair (5/5) D:11
  Swamp (0/4) Lair:2        Snake (0/4) Lair:2          Orc (2/2) D:10
    Elf (0/3) Orc:2       Volcano (visited)
  Slime: Lair:4-5

Altars:
Ashenzari
Cheibriados
Dithmenos
Elyvilon
Fedhas
Gozag
Hepliaklqana
Makhleb
Nemelex Xobeh
Okawaru
Qazlal
Ru
Sif Muna
Trog
Uskayaw
Vehumet
Wu Jian
Xom
Yredelemnul
Zin
The Shining One

Shops:
D:5 :*   Orc:1 ?   Orc:2 [***

Portals:
Abyss: D:6

Annotations:
D:3 1 runed translucent door, Crazy Yiuf
D:4 exclusion: black bear
D:5 exclusion: statue
D:6 2 transporters, dluga93's ghost, novice OpFE
D:9 exclusion: 3 doors
Lair:1 2 transporters, Route97's ghost, journeyman MiFi


Innate Abilities, Weirdness & Mutations

Your serpentine skin is tough. (AC +4)
You have supernaturally acute eyesight. (SInv)
Armour fits poorly on your strangely shaped body.
You are dopey. (Int -2)
You are very frail. (-20% HP)
Your magical capacity is low. (-10% MP)
Your system is resistant to poisons. (rPois)
You cover ground very slowly.
You can spit poison.
You are missing a hand.
You can use your snake-like lower body to constrict enemies.


Message History

The blink frog blinks!
The blink frog begins to attack, but is stunned by your conviction!
You punch the blink frog!
You kill the blink frog!
Your toxic aura wanes.
You feel a bit more experienced.
The blink frog begins to attack, but is stunned by your conviction!
The dream sheep ruffles its wool and motes of dream dust sparkle, to no effect.
Unknown command.
Casting: Olgreb's Toxic Radiance (dangerous; 3% risk of failure)
Confirm with . or Enter, or press ? or * to list all spells.
You begin to radiate toxic energy.
The dream sheep looks as sick as possible! x2
Your toxic aura wanes.
A dream sheep comes into view.
A black mamba comes into view.
The blink frog begins to attack, but is stunned by your conviction!
The dream sheep is struck by your cactus giant's spines.
The dream sheep dies!
Your cactus giant hits the blink frog with a +0 giant spiked club.
The blink frog is struck by your cactus giant's spines.
The blink frog dies!
Your Necromancy skill increases to level 7!
Your Earth Magic skill increases to level 7!
A dream sheep comes into view.
A dream sheep comes into view.
Casting: Olgreb's Toxic Radiance (dangerous; 3% risk of failure)
Confirm with . or Enter, or press ? or * to list all spells.
You begin to radiate toxic energy.
The dream sheep is poisoned. x3
The dream sheep begins to attack, but is stunned by your conviction!
A dream sheep comes into view.
Unknown command.
You completely miss the black mamba. Your grab misses the black mamba.
The dream sheep is poisoned.
The dream sheep looks even sicker.
The black mamba bites you.
The dream sheep shake their wool and sparkle.
You feel drowsy...
You fall asleep.
A dream sheep comes into view.
The dream sheep looks even sicker. x2; The dream sheep is poisoned.
The black mamba bites you!!!
You die...

... ... ....
P.... # ##.....
..##.####.......
.........†......
.......@SC†.....
........†..†.Y..
.............Y..
............YY..
..............Y.
................
#.#......#.####.
###.########


You could see a black mamba (ally target), 5 dream sheep and a friendly cactus
giant (summoned).

Vanquished Creatures
  Gastronok (D:9)
  3 orc high priests (Orc:2)
  4 death yaks (Lair:3)
  A lindwurm (Lair:4)
  An orc knight (Orc:2)
  3 orc sorcerers (Orc:2)
  A manticore (D:10)
  A salamander (Lair:2)
  An orange demon (Lair:1)
  A cane toad (Lair:1)
  Maggie (D:6)
  5 rime drakes (Lair:4)
  A komodo dragon (Lair:2)
  3 nameless horrors
  A hornet (D:9)
  3 blink frogs (Lair:5)
  Sigmund (D:3)
  A shadow (D:11)
  5 wyverns
  6 fire bats (Volcano)
  A wraith (D:10)
  25 yaks
  2 basilisks
  2 steam dragons
  2 vampire mosquitoes (Lair:2)
  5 water moccasins
  23 orc warriors
  2 sky beasts (D:7)
  2 black bears
  6 ogres
  2 centaurs (D:9)
  11 wolves
  A phantom (D:6)
  4 scorpions
  6 bullfrogs
  10 killer bees (D:10)
  11 howler monkeys
  2 jellies (D:6)
  7 lava snakes
  2 hounds
  17 orc priests
  2 iguanas (D:5)
  Ijyb (D:3)
  Terence (D:3)
  26 orc wizards
  15 hell rats
  6 adders
  2 shadow imps
  2 white imps
  61 orcs
  6 bats
  A bat skeleton (D:9)
  10 endoplasms
  4 giant cockroaches
  3 goblins
  3 hobgoblins
  5 jackals
  6 quokkas
  3 ball pythons
  2 frilled lizards
  5 kobolds
  4 rats
355 creatures vanquished.

Vanquished Creatures (collateral kills)
  Josephine (Orc:1)
  3 hydras
  A two-headed ogre (D:11)
  Urug (D:11)
  5 death yaks (Lair:3)
  A sun demon (Volcano)
  A hell knight (Volcano)
  Sonja (Lair:4)
  Amaemon (Lair:1)
  An obsidian statue (Volcano)
  2 orc knights (Orc:2)
  3 orc sorcerers
  A manticore (Lair:4)
  An oklob plant (Lair:3)
  2 black mambas
  A gargoyle (D:11)
  9 cane toads
  A rime drake (Lair:4)
  A red devil (Volcano)
  5 komodo dragons
  A polar bear (Lair:3)
  2 blink frogs (Lair:5)
  A troll (D:11)
  A dream sheep (Lair:5)
  3 wyverns
  4 basilisks (Lair:4)
  4 wraiths
  11 yaks
  A steam dragon (Lair:4)
  2 vampire mosquitoes (Lair:2)
  2 wargs
  2 hell hounds (Volcano)
  5 water moccasins
  3 orc warriors (Orc:1)
  2 ice beasts
  An ogre (Orc:1)
  3 wolves (Lair:1)
  A bullfrog (Lair:3)
  2 nameless horrors
  A howler monkey (D:11)
  A jelly (D:6)
  5 hell rats
  4 orc wizards
  An orc (Orc:1)
105 creatures vanquished.

Vanquished Creatures (others)
  A hydra (Lair:4)
  A two-headed ogre (D:9)
  A death yak (Lair:3)
  An orc knight (Orc:2)
  A black mamba (Lair:1)
  A wyvern (Lair:4)
  A basilisk (Lair:4)
  3 yaks
  A vampire mosquito (Lair:2)
  An acid dragon (D:10)
  A water moccasin (Lair:2)
  A wolf (Lair:3)
  A bullfrog (Lair:3)
  16 wights
  3 hell rats
  2 orcs
  A bush (Lair:3)
  12 fungi
  22 plants
71 creatures vanquished.

Grand Total: 531 creatures vanquished

Notes
Turn   | Place    | Note
-------+----------+-------------------------------------------
     0 | D:1      | Lavandula the Naga Venom Mage began the quest for the Orb.
     0 | D:1      | Reached XP level 1. HP: 15/15 MP: 3/3
   168 | D:1      | Reached XP level 2. HP: 22/22 MP: 1/5
   293 | D:1      | Learned a level 2 spell: Poisonous Vapours
   593 | D:1      | Found a faded altar of an unknown god.
   708 | D:1      | Reached skill level 5 in Poison Magic
   815 | D:1      | Reached XP level 3. HP: 28/28 MP: 3/6
  1152 | D:1      | Learned a level 3 spell: Mephitic Cloud
  1437 | D:2      | Found a stormy altar of Qazlal.
  1909 | D:3      | Reached XP level 4. HP: 28/36 MP: 1/8
  2030 | D:3      | Reached skill level 1 in Unarmed Combat
  2126 | D:3      | Found a runed translucent door.
  2127 | D:3      | Noticed Crazy Yiuf
  2394 | D:3      | Noticed Sigmund
  2404 | D:3      | Killed Sigmund
  2405 | D:3      | Reached XP level 5. HP: 36/42 MP: 10/10
  2405 | D:3      | Reached XP level 6. HP: 42/49 MP: 11/11
  2643 | D:3      | Noticed Terence
  2656 | D:3      | Learned a level 4 spell: Olgreb's Toxic Radiance
  2714 | D:3      | Killed Terence
  2834 | D:3      | Noticed Ijyb
  2847 | D:3      | Killed Ijyb
  3397 | D:4      | Found a staircase to the Ecumenical Temple.
  3415 | Temple   | Entered the Ecumenical Temple
  3459 | Temple   | Became a worshipper of Ru the Awakened
  3543 | D:4      | Reached skill level 5 in Unarmed Combat
  3582 | D:4      | Found a bloodstained altar of Trog.
  3612 | D:4      | Noticed a black bear
  3928 | D:5      | Entered Level 5 of the Dungeon
  3987 | D:5      | Noticed a water moccasin
  3998 | D:5      | Reached XP level 7. HP: 51/55 MP: 9/13
  4005 | D:5      | Learned a level 3 spell: Call Canine Familiar
  4087 | D:5      | Reached skill level 1 in Summonings
  4130 | D:5      | Reached skill level 2 in Summonings
  4205 | D:5      | Reached skill level 3 in Summonings
  4241 | D:5      | Found Butop's Neck Hole.
  4243 | D:5      | Found a blossoming altar of Fedhas.
  4334 | D:5      | Found a radiant altar of Vehumet.
  4508 | D:5      | Found Ytrukiupan's Book Boutique.
  4647 | D:6      | Reached skill level 4 in Summonings
  4647 | D:6      | Reached XP level 8. HP: 53/62 MP: 12/15
  4749 | D:6      | Found a transporter.
  4754 | D:6      | Noticed a toenail golem
  4763 | D:6      | Noticed a hellwing
  4854 | D:6      | Noticed dluga93's ghost (novice OpFE)
  4923 | D:6      | Gained mutation: You are frail. (-10% HP) [Ru sacrifice]
  4923 | D:6      | Reached * piety under Ru
  5089 | D:6      | Noticed Maggie
  5167 | D:6      | Killed Maggie
  5210 | D:6      | Reached XP level 9. HP: 65/65 MP: 5/16
  5214 | D:6      | Learned a level 3 spell: Summon Guardian Golem
  6023 | D:6      | Found a transporter.
  6025 | D:6      | Found a one-way gate to the infinite horrors of the Abyss.
  6070 | D:7      | Reached skill level 5 in Fighting
  6256 | D:7      | Reached skill level 1 in Armour
  6504 | D:7      | Found a stormy altar of Qazlal.
  7356 | D:8      | Found an iron altar of Okawaru.
  7443 | D:8      | Found a sparkling altar of Nemelex Xobeh.
  7446 | D:8      | Reached XP level 10. HP: 79/79 MP: 13/17
  7448 | D:8      | Reached skill level 5 in Armour
  7461 | D:8      | Gained mutation: You are very frail. (-20% HP) [Ru
                  | sacrifice]
  7461 | D:8      | Reached ** piety under Ru
  7461 | D:8      | Reached *** piety under Ru
  8564 | D:9      | Reached skill level 5 in Dodging
  8742 | D:9      | Noticed Gastronok
  8779 | D:9      | Killed Gastronok
  8780 | D:9      | Reached skill level 6 in Summonings
  8780 | D:9      | Reached XP level 11. HP: 64/76 MP: 18/18
  9037 | D:9      | Noticed a two-headed ogre
  9051 | D:9      | Killed a two-headed ogre
  9052 | D:9      | Reached skill level 7 in Summonings
  9298 | D:10     | Entered Level 10 of the Dungeon
  9370 | D:10     | Reached skill level 8 in Summonings
  9527 | D:10     | Reached skill level 9 in Summonings
  9729 | D:10     | Found a staircase to the Orcish Mines.
  9886 | D:10     | Found a basalt altar of Yredelemnul.
 10124 | D:10     | Gained mutation: You are missing a hand. [Ru sacrifice]
 10124 | D:10     | Reached **** piety under Ru
 10124 | D:10     | Reached ***** piety under Ru
 10274 | D:10     | Reached skill level 5 in Spellcasting
 10394 | Orc:1    | Entered Level 1 of the Orcish Mines
 10606 | Orc:1    | Found Iwitz's Magic Scroll Shop.
 10614 | Orc:1    | Bought a scroll of fog for 52 gold pieces
 10614 | Orc:1    | Bought a scroll of fear for 52 gold pieces
 10614 | Orc:1    | Bought a scroll of amnesia for 52 gold pieces
 10614 | Orc:1    | Bought a scroll of enchant armour for 97 gold pieces
 10614 | Orc:1    | Bought a scroll of vulnerability for 52 gold pieces
 10614 | Orc:1    | Bought a scroll of identify for 26 gold pieces
 10614 | Orc:1    | Bought a scroll of identify for 26 gold pieces
 10614 | Orc:1    | Bought a scroll of magic mapping for 97 gold pieces
 10666 | Orc:2    | Entered Level 2 of the Orcish Mines
 11052 | Orc:2    | Found a staircase to the Elven Halls.
 11215 | Orc:2    | Learned a level 6 spell: Summon Cactus Giant
 11473 | Orc:2    | Noticed an orc knight
 11475 | Orc:2    | Noticed an orc knight
 11488 | Orc:2    | Noticed an orc high priest
 11489 | Orc:2    | Killed an orc knight
 11491 | Orc:2    | Killed an orc knight
 11492 | Orc:2    | Reached skill level 10 in Summonings
 11500 | Orc:2    | Killed an orc high priest
 11501 | Orc:2    | Reached XP level 12. HP: 59/82 MP: 18/21
 11555 | Orc:2    | Reached skill level 11 in Summonings
 11661 | Orc:2    | Noticed an orc high priest
 11662 | Orc:2    | Noticed an orc high priest
 11665 | Orc:2    | Noticed a sun demon
 11666 | Orc:2    | Noticed a soul eater
 11670 | Orc:2    | Noticed a soul eater
 11671 | Orc:2    | Killed an orc high priest
 11671 | Orc:2    | Killed an orc high priest
 11672 | Orc:2    | Reached skill level 12 in Summonings
 11863 | Orc:2    | Found Plog's Armour Shop.
 11868 | Orc:2    | Found Rirey's Assorted Antiques.
 11875 | Orc:2    | Bought a sapphire potion for 20 gold pieces
 11875 | Orc:2    | Bought 2 sapphire potions for 41 gold pieces
 11875 | Orc:2    | Bought a purple potion for 20 gold pieces
 11875 | Orc:2    | Bought a short iron wand for 92 gold pieces
 11875 | Orc:2    | Bought an iron wand for 92 gold pieces
 11875 | Orc:2    | Found Ziyw's Assorted Antiques.
 11877 | Orc:2    | Found Sumper's General Store.
 11883 | Orc:2    | Bought a scroll labelled DEPPEM EDILE for 31 gold pieces
 11883 | Orc:2    | Bought a curved bone wand for 124 gold pieces
 11886 | Orc:2    | Bought a scroll of blinking for 112 gold pieces
 11886 | Orc:2    | Bought 2 potions of heal wounds for 150 gold pieces
 11886 | Orc:2    | Bought a scroll of teleportation for 45 gold pieces
 12032 | Orc:1    | Noticed Josephine
 12137 | Orc:1    | Killed Josephine
 12140 | Orc:1    | Reached skill level 13 in Summonings
 12563 | D:11     | Noticed a two-headed ogre
 12604 | D:11     | Noticed Urug
 12746 | D:11     | Killed a two-headed ogre
 12929 | D:11     | Learned a level 2 spell: Scorch
 12978 | D:11     | Killed Urug
 12979 | D:11     | Gained mutation: You can use your snake-like lower body to
                  | constrict enemies. [Naga growth]
 12979 | D:11     | Reached XP level 13. HP: 88/88 MP: 20/24
 13173 | D:11     | Found a staircase to the Lair.
 13183 | Lair:1   | Entered Level 1 of the Lair of Beasts
 13559 | Lair:1   | Gained mutation: Your magical capacity is low. (-10% MP)
                  | [Ru sacrifice]
 14149 | Lair:1   | Noticed Amaemon
 14166 | Lair:1   | Killed Amaemon
 14422 | Lair:1   | Noticed Route97's ghost (journeyman MiFi)
 14454 | Lair:1   | Found a transporter.
 14454 | Lair:1   | Found a transporter.
 14682 | Lair:2   | Found a dark tunnel.
 14690 | Volcano  | Entered a volcano
 15037 | Volcano  | Found a bloodstained altar of Trog.
 15060 | Volcano  | Reached skill level 10 in Spellcasting
 15213 | Lair:2   | Found a staircase to the Swamp.
 15801 | Lair:2   | Found a staircase to the Snake Pit.
 16034 | Lair:2   | Learned a level 5 spell: Borgnjor's Vile Clutch
 16566 | Lair:3   | Reached skill level 1 in Necromancy
 16566 | Lair:3   | Reached skill level 1 in Earth Magic
 16676 | Lair:3   | Learned a level 4 spell: Passage of Golubria
 16712 | Lair:3   | Reached XP level 14. HP: 45/91 MP: 12/26
 17117 | Lair:3   | Reached skill level 5 in Necromancy
 17117 | Lair:3   | Reached skill level 5 in Earth Magic
 17248 | Lair:3   | Gained mutation: You are dopey. (Int -2) [Ru sacrifice]
 17248 | Lair:3   | Reached ****** piety under Ru
 17903 | Lair:4   | Noticed Sonja
 17960 | Lair:4   | Killed Sonja
 18629 | Lair:5   | Entered Level 5 of the Lair of Beasts
 18668 | Lair:5   | Mangled by a black mamba

Illustrated notes

Levels and vault maps discovered:
D:1:      wander_arrival_abandoned_jail, layout_basic,
          hellmonk_ecumenical_altar_inner_sanctum, serial_bayou_crossing
D:2:      layout_rooms, basic_altar
D:3:      layout_basic, uniq_crazy_yiuf_cottage, uniq_terence, uniq_sigmund,
          uniq_ijyb
D:4:      layout_loops_cross, bloody_trog, minmay_temple_entry_statues,
          minmay_liquid_box
D:5:      layout_basic, kennysheep_little_box, vehumet_statue, serial_shops,
          nicolae_shop_back_alley_shop, nicolae_shop_sticking_my_neck_out
D:6:      layout_basic, gammafunk_ghost_abyssal_escape, amethyst_killhole,
          uniq_maggie
D:7:      layout_basic, nicolae_qazlal_style_of_elements, minmay_fountain_box
D:8:      layout_basic, mainiacjoe_overflow_alcove_4,
          nicolae_overflow_crystal_walls
D:9:      layout_basic, kennysheep_vampire_church, uniq_gastronok
D:10:     layout_long_grid, mainiacjoe_overflow_paths, david_orc_4
D:11:     layout_cross, lair_entry_dummy, reono_crystal_passage, uniq_urug
Temple:   eino_temple_lava
Lair:1:   layout_cave_pods, gammafunk_ghost_hive, beast_lair_carwin_8,
          uniq_amaemon
Lair:2:   layout_chaotic_city, minmay_swamp_entry_swarm,
          nicolae_snake_entry_warm_welcome, enter_volcano_2,
          infiniplex_staircase_pool_2, grunt_megastairs_2
Lair:3:   layout_cave_shapes, nicolae_quartered_pool_little
Lair:4:   layout_cave_shapes, special_room [special_room_mythical_zoo],
          serial_bayou_shore_b, uniq_sonja
Lair:5:   guppyfry_lair_end_dragon, layout_big_grid,
          nicolae_slime_entry_slimehenge
Orc:1:    layout_caves, serial_shops, shop, uniq_josephine
Orc:2:    st_orc_elflike, layout_diamond_mine

Skill      XL: |  1  2  3  4  5  6  7  8  9 10 11 12 13 14 |
---------------+-------------------------------------------+-----
Poison Magic   | 5 7 |  7.1
Spellcasting   | 3 4 6 7 11 | 11.1
Unarmed Combat | 4 5 6 |  6.1
Summonings     | 4 6 10 13 | 13.6
Evocations     | 4 |  4.9
Fighting       | 2 5 |  5.4
Armour         | 4 5 |  5.7
Dodging        | 5 |  5.6
Fire Magic     | 2 4 |  4.1
Necromancy     | 3 7 |  7.0
Earth Magic    | 3 7 |  7.0
Stealth        | |  3.0
Transmutations | |  1.0

Action                     |  1- 3 |  4- 6 |  7- 9 | 10-12 | 13-15 || total
---------------------------+-------+-------+-------+-------+-------++-------
  Melee: Unarmed           |    26 |    35 |    72 |   210 |   240 ||   583
         Punch             |       |       |       |     1 |       ||     1
         Constrict         |       |       |       |       |    56 ||    56
   Cast: Sting             |    66 |    35 |    49 |    15 |       ||   165
         Olgreb's Toxic Ra |       |     7 |    25 |   103 |    52 ||   187
         Mephitic Cloud    |       |     1 |     2 |     2 |       ||     5
         Call Canine Famil |       |       |    13 |    11 |    18 ||    42
         Summon Guardian G |       |       |     8 |    20 |     6 ||    34
         Summon Cactus Gia |       |       |       |    16 |    46 ||    62
 Invoke: Sacrifice Health  |       |       |     1 |     1 |       ||     2
         Sacrifice a Hand  |       |       |       |     1 |       ||     1
         Apocalypse        |       |       |       |     1 |     4 ||     5
         Draw Out Power    |       |       |       |     1 |     4 ||     5
         Sacrifice Essence |       |       |       |       |     1 ||     1
         Power Leap        |       |       |       |       |     2 ||     2
         Sacrifice Purity  |       |       |       |       |     1 ||     1
Ability: Spit Poison       |    20 |    15 |    23 |    26 |     5 ||    89
  Evoke: Wand              |       |       |     4 |     6 |       ||    10
    Use: Scroll            |     5 |     3 |     2 |     8 |     9 ||    27
         Potion            |       |     1 |       |     1 |     2 ||     4
   Stab: Distracted        |       |       |     1 |     1 |     3 ||     5
         Sleeping          |       |       |       |     1 |       ||     1
         Invisible         |       |       |       |     2 |     2 ||     4
         Paralysed         |       |       |       |       |    11 ||    11
 Armour: Robe              |    22 |    15 |     3 |       |       ||    40
         Steam dragon scal |       |       |    15 |    61 |   117 ||   193
  Dodge: Dodged            |    27 |    26 |    48 |   132 |   152 ||   385

Table legend: (Time is in decaauts)
 A = Elapsed time spent in this place.
 B = Non-inter-level travel time spent in this place.
 C = Inter-level travel time spent in this place.
 D = Time resting spent in this place.
 E = Time spent auto-exploring this place.
 F = Levels seen in this place.
 G = Mean time per level.
                   A        B        C        D        E       F      G
               +--------+--------+--------+--------+--------+-----+--------+
         Total |  22870 |  21875 |    995 |   2243 |  16039 |  20 | 1143.5 |
       Dungeon |  13923 |  13264 |    659 |    751 |  10581 |  11 | 1265.7 |
        Temple |     74 |     62 |     12 |      0 |     40 |   1 |   74.0 |
          Lair |   5951 |   5851 |    100 |   1016 |   3944 |   5 | 1190.2 |
  Orcish Mines |   2363 |   2140 |    223 |    281 |   1355 |   2 | 1181.5 |
       Volcano |    557 |    557 |      0 |    195 |    116 |   1 |  557.0 |
               +--------+--------+--------+--------+--------+-----+--------+

Top non-repeatable levels by time:
  Lair:1: 1767 daAuts
     D:6: 1725 daAuts
  Lair:2: 1700 daAuts
     D:8: 1668 daAuts
   Orc:2: 1624 daAuts
    D:10: 1597 daAuts
     D:3: 1573 daAuts
     D:1: 1567 daAuts
     D:7: 1400 daAuts
  Lair:4: 1269 daAuts
  Lair:3: 1176 daAuts
     D:9: 1059 daAuts
     D:4: 1006 daAuts
     D:5: 907 daAuts
    D:11: 754 daAuts
